AoeStats
← b站江条

Arabian Desert

510321101Analyzed
1v1 RM · 21h ago on Sep 30, 2026· 42m 54s· 2 players
Game mode
Random Map
Map size
Tiny (2 player)
Population
200
Speed
Normal
Resources
Standard
Victory
Conquest
Starting age
Dark Age
Ending age
Imperial Age
RankedLock teamsTeams togetherTeam positionsShared explorationLock speedFull tech treeHidden civsTurbo modeCheats
Victory
Defeat
🇨🇳 Maya · China
1339
+15
1310
-15
不背完牛津高阶不改名
9:22 Feudal Age
17:50 Castle Age
15:47 Double-Bit Axe
20:28 Fletching
22:14 Bow Saw
25:19 Gold Mining
31:36 Loom
32:54 Wheelbarrow
34:19 Horse Collar
38:59 Imperial Age
37:34 Elite Skirmisher
38:17 Padded Archer Armor
39:45 Bodkin Arrow
b站江条
0:26 Loom
8:55 Feudal Age
9:32 Double-Bit Axe
16:34 Fletching
23:47 Castle Age
21:47 Gold Mining
22:01 Padded Archer Armor
22:11 Horse Collar
23:59 Crossbowman
24:37 Bodkin Arrow
28:39 Bow Saw
28:32 Heavy Plow
33:28 Imperial Age
31:30 Ballistics
33:10 Stone Mining
33:32 Thumb Ring
35:55 Chemistry
35:00 Bracer
37:01 Conscription
38:06 Wheelbarrow
37:20 Arbalester
39:22 Leather Archer Armor
Connection lost

Rejoining the realm…

Still unreachable

The connection could not be restored.

Session expired

The server has moved on; the page needs a fresh start.